AoeStats
← PZ|MBalu

Nomad

508943302Analyzed
4v4 RM · 9d ago on Sep 24, 2026· 60m 59s· 8 players
Game mode
Random Map
Map size
231×231
Population
200
Speed
Normal
Resources
Standard
Victory
Conquest
Starting age
Dark Age
Ending age
Imperial Age
RankedLock teamsTeams togetherTeam positionsShared explorationLock speedFull tech treeHidden civsTurbo modeCheats
Victory
Defeat
🇲🇽 Teutons · Mexico
1306
+14
🇲🇽 Portuguese · Mexico
1284
+15
🇺🇸 Mongols · United States
1229
+17
🇲🇽 Magyars · Mexico
1186
+18
🇭🇺 Spanish · Hungary
1274
-17
🇭🇺 Japanese · Hungary
1272
-17
🇭🇺 Italians · Hungary
1254
-16
🇭🇺 Varangians · Hungary
1209
-14
[XAAM]_Muffie_Cute
3:34 Loom
13:01 Feudal Age
21:05 Castle Age
19:09 Fletching
24:06 Medium Warships
23:52 Bodkin Arrow
24:31 Padded Archer Armor
24:45 Fishing Lines
26:56 Town Watch
27:47 Wheelbarrow
52:30 Imperial Age
50:37 Scale Barding Armor
50:43 Forging
52:01 Chain Barding Armor
51:37 Double-Bit Axe
51:34 Horse Collar
52:34 Bloodlines
53:04 Cavalier
56:47 Pikeman
57:28 Squires
57:29 Scale Mail Armor
57:17 Elite Skirmisher
58:57 Halberdier
60:16 Iron Casting
60:00 Chain Mail Armor
60:11 Bow Saw
60:02 Heavy Plow
59:54 Gold Mining
59:54 Stone Mining
60:16 Gambesons
higuilopez
5:22 Loom
13:40 Feudal Age
17:31 Castle Age
16:36 Fishing Lines
16:49 Double-Bit Axe
17:21 Fletching
18:22 Medium Warships
18:27 Bodkin Arrow
22:14 Bow Saw
23:24 Wheelbarrow
25:41 Gillnets
27:47 Hand Cart
27:24 Gold Mining
29:10 Town Watch
31:16 Town Patrol
35:33 Imperial Age
33:49 Thumb Ring
33:08 Crossbowman
34:46 Ballistics
34:55 Padded Archer Armor
37:38 Chemistry
36:08 Arbalester
37:13 Bracer
39:51 Conscription
39:53 Leather Archer Armor
48:03 Onager
52:57 Ring Archer Armor
56:46 Stone Mining
57:57 Two-Man Saw
57:42 Elite Caravel
Polos-Dev
15:03 Feudal Age
45:50 Bloodlines
55:36 Castle Age
54:15 Scale Barding Armor
61:52 Chain Barding Armor
Dragón-Malo
7:25 Loom
7:33 Loom
13:44 Feudal Age
17:34 Castle Age
16:26 Double-Bit Axe
17:30 Town Watch
20:26 Bow Saw
19:57 Horse Collar
21:11 Wheelbarrow
22:05 Fletching
22:43 Hand Cart
22:29 Town Patrol
22:45 Stone Mining
24:58 Stone Shaft Mining
24:14 Gold Mining
25:32 Bodkin Arrow
26:44 Gold Shaft Mining
26:11 Padded Archer Armor
28:04 Leather Archer Armor
28:24 Ballistics
29:05 Murder Holes
28:55 Fishing Lines
30:42 Masonry
33:59 Imperial Age
34:01 Thumb Ring
34:42 Bracer
35:44 Chemistry
35:53 Parthian Tactics
36:04 Conscription
36:12 Drill
35:54 Onager
38:15 Siege Engineers
38:27 Horse Collar
40:31 Capped Ram
41:42 Heavy Plow
42:09 Siege Ram
47:23 Siege Onager
60:23 Elite Mangudai
PZ|Perfect Destroyer
5:02 Loom
13:24 Feudal Age
17:27 Castle Age
16:42 Fletching
17:10 Double-Bit Axe
18:36 Bodkin Arrow
19:36 Medium Warships
21:51 Gold Mining
22:35 Horse Collar
23:08 Bow Saw
23:17 Heavy Plow
29:45 Imperial Age
27:30 Padded Archer Armor
29:48 Wheelbarrow
29:47 Ballistics
31:37 Chemistry
30:50 Squires
31:51 Bracer
32:54 Leather Archer Armor
34:31 Ring Archer Armor
34:04 Scale Mail Armor
35:08 Forging
36:08 Chain Mail Armor
37:37 Crop Rotation
46:08 Plate Mail Armor
50:27 Stone Mining
PZ|ReDw1nG
11:56 Loom
14:20 Feudal Age
18:16 Castle Age
17:32 Double-Bit Axe
18:13 Stone Mining
18:41 Fletching
19:19 Bow Saw
20:28 Medium Warships
20:22 Gold Mining
23:09 Wheelbarrow
24:49 Horse Collar
28:14 Padded Archer Armor
28:44 Heavy Plow
29:38 Leather Archer Armor
35:32 Imperial Age
36:56 Ring Archer Armor
36:47 Hand Cart
39:11 Bodkin Arrow
39:22 Town Watch
40:04 Scale Barding Armor
40:10 Forging
40:32 Conscription
41:29 Chain Barding Armor
44:03 Plate Barding Armor
45:07 Masonry
48:29 Ballistics
PZ|SlothKing
5:22 Loom
12:09 Feudal Age
16:45 Castle Age
15:51 Double-Bit Axe
24:17 Town Watch
30:33 Fletching
35:17 Scale Mail Armor
36:35 Horse Collar
38:12 Elite Skirmisher
39:17 Squires
39:03 Gambesons
40:26 Bodkin Arrow
40:31 Padded Archer Armor
40:47 Chain Mail Armor
40:42 Forging
41:56 Heavy Plow
47:25 Imperial Age
46:58 Wheelbarrow
48:16 Leather Archer Armor
49:33 Forging
53:16 Treadmill Crane
PZ|MBalu
6:41 Loom
13:57 Feudal Age
17:57 Castle Age
18:03 Fletching
32:17 Horse Collar
41:14 Imperial Age
38:52 Double-Bit Axe
39:15 Elite Skirmisher
41:23 Bodkin Arrow
42:05 Padded Archer Armor
42:55 Wheelbarrow
43:32 Chemistry
44:09 Bow Saw
44:46 Bracer
47:00 Leather Archer Armor
47:32 Ballistics
47:55 Bloodlines
50:05 Scale Barding Armor
51:10 Cavalier
55:21 Chain Barding Armor
55:32 Capped Ram
57:46 Gold Mining
59:37 Forging
61:39 Iron Casting
Connection lost

Rejoining the realm…

Still unreachable

The connection could not be restored.

Session expired

The server has moved on; the page needs a fresh start.